HS
SETON HALL PREP HS PIRATES @ NOTRE DAME HS KNIGHTS
03/24/2060
 
TOP OF THE 1ST
Seton Hall Prep HS Pirates batting - Pitching for Notre Dame HS Knights : RHP Dawson Lowe
Pitching: RHP Dawson Lowe
Batting: LHB Henry Mali 0-0: Ball
1-0: Called Strike
1-1: Ball
2-1: Called Strike
2-2: Foul Ball, location: 2F
2-2: SOLO HOME RUN (Flyball, 9LD, EV 90.6 MPH), Distance : 335 ft
Batting: RHB Mitchell King 0-0: Ground out 5-3 (Groundball, 5L, EV 106.2 MPH)
Batting: RHB Blayke Ramos 0-0: Called Strike
0-1: Fly out, F9 (Flyball, 89D, EV 105.6 MPH)
Batting: LHB Alec Echard 0-0: Foul Ball, location: 2F
0-1: Foul Ball, location: 2F
0-2: Ball
1-2: Fly out, F8 (Flyball, 8LXD, EV 103.1 MPH)
Top of the 1st over - 1 run, 1 hit, 0 errors, 0 left on base; Seton Hall Prep HS 1 - Notre Dame HS 0
BOTTOM OF THE 1ST
Notre Dame HS Knights batting - Pitching for Seton Hall Prep HS Pirates : RHP Jesse Drummond
Pitching: RHP Jesse Drummond
Batting: SHB Max June 0-0: Bunt for hit to P - play at first, batter OUT! 1-3
Batting: LHB Colton Clausen 0-0: Foul Ball, location: 2F
0-1: Ball
1-1: Called Strike
1-2: SINGLE (Line Drive, 8LS, EV 87.5 MPH)
Batting: SHB Ryan Cervantes 0-0: Ball
1-0: Ball
2-0: DOUBLE (Flyball, 8RXD, EV 97.5 MPH)
Colton Clausen to third
Batting: RHB Cory Munsterman 0-0: SINGLE (Line Drive, 56D, EV 94.4 MPH)
Colton Clausen scores
Ryan Cervantes to third
Batting: LHB Max Ray 0-0: Called Strike
0-1: Ball
1-1: Ball
2-1: Fly out, F8 (Flyball, 8RD, EV 83.1 MPH)
Runner from 3rd tags up, OUT at HOME! 8-2
Bottom of the 1st over - 1 run, 3 hits, 0 errors, 1 left on base; Seton Hall Prep HS 1 - Notre Dame HS 1
TOP OF THE 2ND
Seton Hall Prep HS Pirates batting - Pitching for Notre Dame HS Knights : RHP Dawson Lowe
Batting: RHB Keven Goodwin 0-0: Foul Ball, location: 2F
0-1: Foul Ball, location: 2F
0-2: Foul Ball, location: 2F
0-2: Ground out 5-3 (Groundball, 56S, EV 79.4 MPH)
Batting: LHB Payton Tagawa 0-0: Ball
1-0: Called Strike
1-1: Swinging Strike
1-2: Foul Ball, location: 2F
1-2: Ball
2-2: Foul Ball, location: 2F
2-2: Strikes out swinging
Batting: SHB Kerry Hall 0-0: Ball
1-0: Swinging Strike
1-1: DOUBLE (Flyball, 8LXD, EV 88.1 MPH)
Batting: RHB Draven Carter 0-0: Foul Ball, location: 2F
0-1: Ball
1-1: Swinging Strike
1-2: Ground out 3-1 (Groundball, 34S, EV 90.0 MPH)
Top of the 2nd over - 0 runs, 1 hit, 0 errors, 1 left on base; Seton Hall Prep HS 1 - Notre Dame HS 1
BOTTOM OF THE 2ND
Notre Dame HS Knights batting - Pitching for Seton Hall Prep HS Pirates : RHP Jesse Drummond
Batting: RHB Logan Goines 0-0: Called Strike
0-1: Ball
1-1: Foul Ball, location: 2F
1-2: Ground out 5-3 (Groundball, 56, EV 102.5 MPH)
Batting: SHB Roman Reeves 0-0: Reached on error, E6 (Groundball, 6, EV 90.0 MPH)
Batting: RHB Samuel Jackson 0-0: Ball
1-0: Foul Ball, location: 2F
1-1: Fielders Choice at 2nd, 6-4 (Groundball, 6, EV 85.6 MPH)
Batting: LHB Dave Howe 0-0: Ball
1-0: Ball
2-0: Ground out 2-3 (Groundball, 2R, EV 63.1 MPH)
Bottom of the 2nd over - 0 runs, 0 hits, 1 error, 1 left on base; Seton Hall Prep HS 1 - Notre Dame HS 1
TOP OF THE 3RD
Seton Hall Prep HS Pirates batting - Pitching for Notre Dame HS Knights : RHP Dawson Lowe
Batting: RHB Sean Stockton 0-0: Called Strike
0-1: Ball
1-1: Ball
2-1: Foul Ball, location: 2F
2-2: Foul Ball, location: 2F
2-2: Ground out 5-3 (Groundball, 56, EV 110.0 MPH)
Batting: LHB Henry Mali 0-0: Called Strike
0-1: Swinging Strike
0-2: Foul Ball, location: 2F
0-2: DOUBLE (Line Drive, 7LM, EV 106.9 MPH)
Batting: RHB Mitchell King 0-0: Foul Ball, location: 2F
0-1: Called Strike
0-2: Foul Ball, location: 2F
0-2: Hit by Pitch
Batting: RHB Blayke Ramos 0-0: Ball
1-0: Ball
2-0: Called Strike
2-1: SINGLE (Line Drive, 78S, EV 100.0 MPH)
Henry Mali to third
Mitchell King to second
Batting: LHB Alec Echard 0-0: Fly out, F8 (Flyball, 8RXD, EV 95.0 MPH)
Runner from 3rd tags up, SCORES, no throw by CF
Batting: RHB Keven Goodwin 0-0: Ball
1-0: Ball
2-0: Fly out, F9 (Flyball, 9S, EV 78.8 MPH)
Top of the 3rd over - 1 run, 2 hits, 0 errors, 2 left on base; Seton Hall Prep HS 2 - Notre Dame HS 1
BOTTOM OF THE 3RD
Notre Dame HS Knights batting - Pitching for Seton Hall Prep HS Pirates : RHP Jesse Drummond
Batting: SHB Max June 0-0: Called Strike
0-1: Fly out, F4 (Line Drive, 4, EV 69.4 MPH)
Batting: LHB Colton Clausen 0-0: Ball
1-0: Called Strike
1-1: Ground out U3 (Groundball, 3, EV 102.5 MPH)
Batting: SHB Ryan Cervantes 0-0: Called Strike
0-1: Called Strike
0-2: Ball
1-2: Fly out, F7 (Line Drive, 7, EV 90.6 MPH)
Bottom of the 3rd over - 0 runs, 0 hits, 0 errors, 0 left on base; Seton Hall Prep HS 2 - Notre Dame HS 1
TOP OF THE 4TH
Seton Hall Prep HS Pirates batting - Pitching for Notre Dame HS Knights : RHP Dawson Lowe
Batting: LHB Payton Tagawa 0-0: Foul Ball, location: 2F
0-1: Ball
1-1: Ball
2-1: Single, Error in OF, E9, batter to second base (Groundball, 4D, EV 96.9 MPH)
Batting: SHB Kerry Hall 0-0: Ball
1-0: Foul Ball, location: 2F
1-1: Swinging Strike
1-2: Strikes out looking
Batting: RHB Draven Carter 0-0: Fly out, F4 (Popup, 4S, EV 76.9 MPH)
Batting: RHB Sean Stockton 0-0: Called Strike
0-1: SINGLE (Groundball, 34D, EV 96.9 MPH) (infield hit)
Payton Tagawa to third
Batting: LHB Henry Mali 0-0: Ball
1-0: Ball
2-0: Called Strike
2-1: Fly out, F8 (Flyball, 8RD, EV 92.5 MPH)
Top of the 4th over - 0 runs, 2 hits, 1 error, 2 left on base; Seton Hall Prep HS 2 - Notre Dame HS 1
BOTTOM OF THE 4TH
Notre Dame HS Knights batting - Pitching for Seton Hall Prep HS Pirates : RHP Jesse Drummond
Batting: RHB Cory Munsterman 0-0: Foul Ball, location: 2F
0-1: Ball
1-1: Ball
2-1: Ball
3-1: Ground out 6-3 (Groundball, 6, EV 76.9 MPH)
Batting: LHB Max Ray 0-0: Called Strike
0-1: Ball
1-1: Fly out, F9 (Flyball, 9, EV 86.2 MPH)
Batting: RHB Logan Goines 0-0: Called Strike
0-1: SINGLE (Line Drive, 4D, EV 96.2 MPH)
Batting: SHB Roman Reeves 0-0: Called Strike
Logan Goines steals 2nd base
0-1: Ball
1-1: Foul Ball, location: 2F
1-2: Foul Ball, location: 2F
1-2: SINGLE (Groundball, 6MD, EV 94.4 MPH)
Logan Goines to third
Runner from 3rd tries for Home, throw by CF and OUT! 8-2
Bottom of the 4th over - 0 runs, 2 hits, 0 errors, 1 left on base; Seton Hall Prep HS 2 - Notre Dame HS 1
TOP OF THE 5TH
Seton Hall Prep HS Pirates batting - Pitching for Notre Dame HS Knights : RHP Dawson Lowe
Batting: RHB Mitchell King 0-0: Called Strike
0-1: Foul Ball, location: 2F
0-2: SOLO HOME RUN (Line Drive, 7LD, EV 99.4 MPH), Distance : 393 ft
Batting: RHB Blayke Ramos 0-0: Ball
1-0: Ball
2-0: Ball
3-0: Called Strike
3-1: Called Strike
3-2: Ground out 6-3 (Groundball, 6, EV 77.5 MPH)
Pitching: RHP Adam Lockhart
Batting: LHB Alec Echard 0-0: Ball
1-0: Called Strike
1-1: Swinging Strike
1-2: Strikes out looking
Batting: RHB Keven Goodwin 0-0: Ground out 1-3 (Groundball, 13S, EV 76.9 MPH)
Top of the 5th over - 1 run, 1 hit, 0 errors, 0 left on base; Seton Hall Prep HS 3 - Notre Dame HS 1
BOTTOM OF THE 5TH
Notre Dame HS Knights batting - Pitching for Seton Hall Prep HS Pirates : RHP Jesse Drummond
Batting: RHB Samuel Jackson 0-0: Ground out 6-3 (Groundball, 6, EV 97.5 MPH)
Batting: LHB Dave Howe 0-0: Called Strike
0-1: DOUBLE (Line Drive, 78XD, EV 100.6 MPH)
Batting: SHB Max June 0-0: Ball
1-0: Fly out, F8 (Flyball, 8LXD, EV 91.9 MPH)
Runner from 2nd tags up, SAFE at 3rd, no throw by CF
Batting: LHB Colton Clausen 0-0: Foul Ball, location: 2F
0-1: Foul Ball, location: 2F
0-2: Strikes out looking
Bottom of the 5th over - 0 runs, 1 hit, 0 errors, 1 left on base; Seton Hall Prep HS 3 - Notre Dame HS 1
TOP OF THE 6TH
Seton Hall Prep HS Pirates batting - Pitching for Notre Dame HS Knights : RHP Adam Lockhart
Batting: LHB Payton Tagawa 0-0: Called Strike
0-1: Ball
1-1: Ball
2-1: Ball
3-1: Base on Balls
Batting: SHB Kerry Hall 0-0: Ball
1-0: Ball
2-0: Foul Ball, location: 2F
2-1: Fly out, F5 (Popup, 6S, EV 65.0 MPH)
Batting: RHB Draven Carter 0-0: Ball
Payton Tagawa steals 2nd base
1-0: Called Strike
1-1: Ball
2-1: Foul Ball, location: 2F
2-2: Ball
3-2: Foul Ball, location: 2F
3-2: Base on Balls
Batting: RHB Sean Stockton 0-0: Fly out, F4 (Popup, 4D, EV 49.4 MPH)
Batting: LHB Henry Mali 0-0: Called Strike
0-1: Foul Ball, location: 2F
0-2: Ball
1-2: Ball
2-2: Ball
3-2: Base on Balls
Payton Tagawa to third
Draven Carter to second
Batting: RHB Mitchell King 0-0: Called Strike
0-1: Ball
1-1: Ball
2-1: Fielders Choice at 2nd, 5-4 (Groundball, 56, EV 80.6 MPH)
Top of the 6th over - 0 runs, 0 hits, 0 errors, 3 left on base; Seton Hall Prep HS 3 - Notre Dame HS 1
BOTTOM OF THE 6TH
Notre Dame HS Knights batting - Pitching for Seton Hall Prep HS Pirates : RHP Jesse Drummond
Batting: SHB Ryan Cervantes 0-0: SINGLE (Line Drive, 7LS, EV 87.5 MPH)
Batting: RHB Cory Munsterman 0-0: Foul Ball, location: 2F
0-1: Ball
1-1: Ball
2-1: Fly out, F7 (Flyball, 78M, EV 95.0 MPH)
Batting: LHB Max Ray 0-0: Ball
1-0: Ball
2-0: Called Strike
2-1: Swinging Strike
2-2: Strikes out swinging
Batting: RHB Logan Goines 0-0: Fly out, F8 (Flyball, 8RD, EV 100.0 MPH)
Bottom of the 6th over - 0 runs, 1 hit, 0 errors, 1 left on base; Seton Hall Prep HS 3 - Notre Dame HS 1
TOP OF THE 7TH
Seton Hall Prep HS Pirates batting - Pitching for Notre Dame HS Knights : RHP Adam Lockhart
Batting: RHB Blayke Ramos 0-0: Ball
1-0: Ball
2-0: Ball
3-0: Base on Balls
Batting: LHB Alec Echard 0-0: Fly out, F8 (Flyball, 8RD, EV 96.2 MPH)
Batting: RHB Keven Goodwin 0-0: Ball
1-0: Ball
Blayke Ramos steals 2nd base (no throw)
2-0: Foul Ball, location: 2F
2-1: Ball
3-1: Base on Balls
Pitching: LHP Evan Collins
Batting: LHB Payton Tagawa 0-0: Ball
1-0: Ball
2-0: SINGLE (Flyball, 5D, EV 86.9 MPH)
Blayke Ramos to third
Keven Goodwin to second
Batting: SHB Kerry Hall 0-0: Called Strike
0-1: Called Strike
0-2: Ball
1-2: Ball
2-2: Ball
3-2: SINGLE (Line Drive, 8LS, EV 96.2 MPH)
Blayke Ramos scores
Keven Goodwin to third
Payton Tagawa to second
Runner from 3rd tries for Home, SAFE, throw by LF to home
Batting: RHB Draven Carter 0-0: Ball
1-0: Foul Ball, location: 2F
1-1: DOUBLE (Line Drive, 3D, EV 93.8 MPH)
Payton Tagawa scores
Kerry Hall to third
Batting: RHB Sean Stockton 0-0: Called Strike
0-1: Ball
1-1: Ground out 6-3 (Groundball, 6, EV 83.8 MPH)
Kerry Hall scores
Batting: LHB Henry Mali 0-0: Foul Ball, location: 2F
0-1: Foul Ball, location: 2F
0-2: Ball
1-2: Ball
2-2: Foul Ball, location: 2F
2-2: Ground out 6-3 (Groundball, 6, EV 106.9 MPH)
Top of the 7th over - 4 runs, 3 hits, 0 errors, 1 left on base; Seton Hall Prep HS 7 - Notre Dame HS 1
BOTTOM OF THE 7TH
Notre Dame HS Knights batting - Pitching for Seton Hall Prep HS Pirates : RHP Jesse Drummond
Batting: SHB Roman Reeves 0-0: Foul Ball, location: 2F
0-1: Ball
1-1: Swinging Strike
1-2: Ball
2-2: Ball
3-2: Ground out 4-3 (Groundball, 34, EV 101.2 MPH)
Batting: RHB Samuel Jackson 0-0: Ground out 5-3 (Groundball, 56, EV 76.9 MPH)
Batting: LHB Dave Howe 0-0: Foul Ball, location: 2F
0-1: Foul Ball, location: 2F
0-2: Ball
1-2: Ground out 4-3 (Groundball, 34D, EV 103.1 MPH)
Bottom of the 7th over - 0 runs, 0 hits, 0 errors, 0 left on base; Seton Hall Prep HS 7 - Notre Dame HS 1
TOP OF THE 8TH
Seton Hall Prep HS Pirates batting - Pitching for Notre Dame HS Knights : LHP Evan Collins
Batting: RHB Mitchell King 0-0: Foul Ball, location: 2F
0-1: Ball
1-1: Ball
2-1: Foul Ball, location: 2F
2-2: SINGLE (Flyball, 8RS, EV 93.1 MPH)
Batting: RHB Blayke Ramos 0-0: Foul Ball, location: 2F
0-1: Swinging Strike
0-2: Ball
1-2: Ball
2-2: Strikes out looking
Batting: LHB Alec Echard 0-0: Called Strike
0-1: Foul Ball, location: 2F
0-2: Fly out, F7 (Flyball, 7D, EV 88.1 MPH)
Batting: RHB Keven Goodwin 0-0: Ball
Mitchell King steals 2nd base
1-0: Ball
2-0: Called Strike
2-1: Ball
3-1: SINGLE (Groundball, 56S, EV 68.1 MPH) (infield hit)
Mitchell King to third
Batting: LHB Payton Tagawa 0-0: Ball
1-0: Ball
2-0: Foul Ball, location: 2F
2-1: Foul Ball, location: 2F
2-2: Ball
3-2: Ground out 4-3 (Groundball, 34S, EV 81.9 MPH)
Top of the 8th over - 0 runs, 2 hits, 0 errors, 2 left on base; Seton Hall Prep HS 7 - Notre Dame HS 1
BOTTOM OF THE 8TH
Notre Dame HS Knights batting - Pitching for Seton Hall Prep HS Pirates : RHP Jesse Drummond
Pitching: RHP Destin Bean
Batting: SHB Max June 0-0: Foul Ball, location: 2F
0-1: Ball
1-1: Ground out 4-3 (Groundball, 4, EV 84.4 MPH)
Batting: LHB Colton Clausen 0-0: Called Strike
0-1: Ball
1-1: SINGLE (Line Drive, 78S, EV 92.5 MPH)
Batting: SHB Ryan Cervantes 0-0: Ball
1-0: Fielders Choice at 2nd, 1-6 (Groundball, 13S, EV 74.4 MPH)
Batting: RHB Cory Munsterman 0-0: Swinging Strike
0-1: Ball
1-1: Called Strike
1-2: Ball
2-2: Fielders Choice at 2nd, 6-4 (Groundball, 6, EV 93.1 MPH)
Bottom of the 8th over - 0 runs, 1 hit, 0 errors, 1 left on base; Seton Hall Prep HS 7 - Notre Dame HS 1
TOP OF THE 9TH
Seton Hall Prep HS Pirates batting - Pitching for Notre Dame HS Knights : LHP Evan Collins
Batting: SHB Kerry Hall 0-0: DOUBLE (Line Drive, 3D, EV 100.6 MPH)
Batting: RHB Draven Carter 0-0: Fly out, F9 (Flyball, 89S, EV 92.5 MPH)
Batting: RHB Sean Stockton 0-0: Ball
1-0: Ball
2-0: Called Strike
2-1: DOUBLE (Line Drive, 78D, EV 106.2 MPH)
Kerry Hall scores
Pinch Hitting: RHB Sullivan Givan 0-0: Ball
1-0: Fly out, F6 (Line Drive, 6, EV 73.1 MPH)
Pinch Hitting: LHB Oscar Simmons 0-0: Fly out, F7 (Flyball, 78M, EV 90.0 MPH)
Top of the 9th over - 1 run, 2 hits, 0 errors, 1 left on base; Seton Hall Prep HS 8 - Notre Dame HS 1
BOTTOM OF THE 9TH
Notre Dame HS Knights batting - Pitching for Seton Hall Prep HS Pirates : RHP Destin Bean
Now at 1B: Fred Reynolds
Now in RF: Oscar Simmons
Pinch Hitting: RHB Kaleb Linville 0-0: Ball
1-0: Called Strike
1-1: Foul Ball, location: 2F
1-2: Ground out U3 (Groundball, 34, EV 101.2 MPH)
Batting: RHB Logan Goines 0-0: Called Strike
0-1: Called Strike
0-2: Ball
1-2: Fly out, F9 (Line Drive, 89M, EV 94.4 MPH)
Pinch Hitting: RHB Jace Fitterer 0-0: Ball
1-0: Ball
2-0: Called Strike
2-1: Ball
3-1: Foul Ball, location: 2F
3-2: Fly out, F9 (Flyball, 9S, EV 90.0 MPH)
Bottom of the 9th over - 0 runs, 0 hits, 0 errors, 0 left on base; Seton Hall Prep HS 8 - Notre Dame HS 1
Wednesday, April 17th , 2024 - OOTP Baseball 23.10 Build 110